 Dungeon Crawl Stone Soup version 0.28-a0-1395-g4f6bc678fa (webtiles) character file.

Game seed: 16898318519608920743

53 Deminshera the Skirmisher (level 3, -4/29 HPs)
             Began as a Demonspawn Wanderer on Jan 4, 2022.
             Slain by Grinder (7 damage)
             ... on level 3 of the Dungeon.
             The game lasted 00:01:29 (1699 turns).

Deminshera the Skirmisher (Demonspawn Wanderer)     Turns: 1699, Time: 00:01:29

Health: -4/29      AC:  4    Str: 18    XL:     3   Next: 64%
Magic:  3/3        EV: 11    Int: 11    God:
Gold:   53         SH:  4    Dex: 10    Spells: 2/2 levels left

rFire   . . .      SeeInvis .   a - +3 short sword
rCold   + . .      Faith    .   (no shield)
rNeg    . . .      Spirit   .   d - +0 leather armour
rPois   .          Reflect  .   g - +1 hat
rElec   .          Harm     .   (no cloak)
rCorr   .          Rampage  .   (no gloves)
Will    .....                   (no boots)
Stlth   +.........              (no amulet)
HPRegen 0.09/turn               e - ring of protection from cold
MPRegen 0.08/turn               (no ring)

@: no status effects
A: condensation shield
a: no special abilities


You were on level 3 of the Dungeon.
You visited 1 branch of the dungeon, and saw 3 of its levels.

You collected 53 gold pieces.

Inventory:

Hand Weapons
 a - a +3 short sword (weapon)
 b - a +0 hand crossbow
Missiles
 c - 25 bolts
Armour
 d - a +0 leather armour (worn)
 g - a +1 hat (worn)
Jewellery
 e - a ring of protection from cold (left hand)
Scrolls
 f - a scroll of enchant weapon {unknown}
 i - a scroll of teleportation {unknown}
Potions
 h - a potion of attraction {unknown}
 j - a potion of curing {unknown}
 k - a potion of lignification {unknown}


   Skills:
 + Level 3.4 Fighting
 + Level 2.4 Short Blades
 - Level 2.6 Crossbows
 + Level 1.3 Dodging
 + Level 1.3 Stealth
 - Level 1.2 Invocations
 - Level 1.0 Evocations


You had 2 spell levels left.
You didn't know any spells.
Your spell library contained the following spells:

 Spells                   Type           Power      Damage    Failure   Level
 Summon Guardian Golem    Hex/Summ       0%         N/A       77%         3
 Ice Form                 Ice/Tmut       0%         N/A       99%         4
 Leda's Liquefaction      Hex/Erth       0%         N/A       99%         4
 Polar Vortex             Ice            0%         N/A       100%        9


Dungeon Overview and Level Annotations

Branches:
Dungeon (3/15)

Altars:

Shops:
D:2 =

Annotations:
D:3 Grinder


Innate Abilities, Weirdness & Mutations

A meltable shield of frost defends you. (SH +4)


Message History

You open the door.
There is an open door here.
Grinder comes into view.
Grinder shouts!
Grinder says, "What is the universe for?"
Grinder blinks!
Grinder moves out of view.
You closely miss Grinder. Grinder closely misses you.
You closely miss Grinder. Grinder gestures at you.
Pain shoots through your body!
You hit Grinder but do no damage.
Grinder blinks!
Grinder gestures at you.
You barely resist. Grinder barely misses you.
You closely miss Grinder. Grinder hits you.
You writhe in agony.
You hit Grinder.
Grinder is lightly wounded.
You block Grinder's attack.
You hit Grinder.
Grinder is lightly wounded.
Grinder says, "Make like a tree!"
You block Grinder's attack.
You hit Grinder.
Grinder is lightly wounded.
Grinder barely misses you.
You hit Grinder.
Grinder is moderately wounded.
Grinder blinks!
Found 9 gold pieces.
Grinder gestures at you. Pain shoots through your body!
You hit Grinder but do no damage.
Grinder is moderately wounded.
Grinder gestures at you. Pain shoots through your body!
* * * LOW HITPOINT WARNING * * *
You hit Grinder.
Grinder is moderately wounded.
Grinder hits you!
You die...

##### #...#
#.#.# #. #.#.#
# #..# #.#.#$#
#[.#
#.#@5.###..#
#.#####....
#.#...###.##
#.#.#.##...##
#.#.#.#.....###
#.#.#.#.......#
#...#.#.....#.#
#####'#....##.#
#.##...#.###.#


You could see Grinder.

Vanquished Creatures
  An adder (D:2)
  4 endoplasms
  A giant cockroach (D:1)
  3 goblins
  3 hobgoblins
  5 jackals
  5 kobolds
  5 quokkas
  5 ball pythons
  2 bats (D:2)
  A frilled lizard (D:1)
  3 rats
38 creatures vanquished.

Notes
Turn   | Place    | Note
-------+----------+-------------------------------------------
     0 | D:1      | Deminshera the Demonspawn Wanderer began the quest for the
                  | Orb.
     0 | D:1      | Deminshera set off with the following items: a +3 short
                  | sword, a +0 hand crossbow, 25 bolts, a +0 leather armour
     0 | D:1      | Reached XP level 1. HP: 18/18 MP: 1/1
    97 | D:1      | Gained mutation: A meltable shield of frost defends you.
                  | (SH +4) [demonic ancestry]
    97 | D:1      | Reached XP level 2. HP: 23/24 MP: 2/2
   406 | D:1      | Reached skill level 1 in Stealth
   643 | D:2      | Got Sif Muna's Tome of the Fetching Frostbite
   665 | D:2      | Reached skill level 1 in Dodging
   719 | D:2      | Reached XP level 3. HP: 29/29 MP: 3/3
   782 | D:2      | Found a faded altar of an unknown god.
  1117 | D:2      | Found Ajoddun's Jewellery Emporium.
  1684 | D:3      | Noticed Grinder
  1699 | D:3      | Slain by Grinder

Illustrated notes

Levels and vault maps discovered:
D:1:      dpeg_arrival_rooms_c, layout_basic
D:2:      layout_loops_corners, serial_forest, infiniplex_forest_clump_C,
          infiniplex_forest_straight_2, infiniplex_forest_straight_1,
          infiniplex_forest_straight_2, infiniplex_forest_3_way,
          infiniplex_forest_straight_5, serial_shops, shop,
          ebering_ecumenical_altar_webs
D:3:      layout_loops_ring, roderic_serpentine_path, uniq_grinder

Skill      XL: |  1  2 |
---------------+-------+-----
Short Blades   | 2 |  2.4
Stealth        | 1 |  1.3
Dodging        | 1 |  1.3
Fighting       | |  3.4
Crossbows      | |  2.6
Invocations    | |  1.2
Evocations     | |  1.0

Action                   || total
-------------------------++-------
Melee: Short sword       ||   100
 Stab: Sleeping          ||     2
Armor: Leather armour    ||    28
Dodge: Dodged            ||    40
Block: Other             ||    15

Table legend: (Time is in decaauts)
 A = Elapsed time spent in this place.
 B = Non-inter-level travel time spent in this place.
 C = Inter-level travel time spent in this place.
 D = Time resting spent in this place.
 E = Time spent auto-exploring this place.
 F = Levels seen in this place.
 G = Mean time per level.
                   A        B        C        D        E       F      G
               +--------+--------+--------+--------+--------+-----+--------+
         Total |   1697 |   1641 |     56 |     57 |   1352 |   3 |  565.7 |
       Dungeon |   1697 |   1641 |     56 |     57 |   1352 |   3 |  565.7 |
               +--------+--------+--------+--------+--------+-----+--------+

Top non-repeatable levels by time:
     D:2: 992 daAuts
     D:1: 619 daAuts
     D:3: 85 daAuts
